AoeStats
← Patuqui18

Pilgrims

507377932Analyzed
3v3 RM · 2mo ago on Sep 17, 2026· 61m 30s· 6 players
Game mode
Random Map
Map size
Normal (6 player)
Population
200
Speed
Normal
Resources
Standard
Victory
Conquest
Starting age
Dark Age
Ending age
Imperial Age
RankedLock teamsTeams togetherTeam positionsShared explorationLock speedFull tech treeHidden civsTurbo modeCheats
Victory
Defeat
🇨🇦 Celts · Canada
889
+17
🇨🇦 Khmer · Canada
838
+19
🇦🇷 Persians · Argentina
792
+22
vs
🇵🇪 Ethiopians · Peru
965
-21
🇵🇪 Bohemians · Peru
917
-20
🇵🇪 Portuguese · Peru
854
-17
DN3r1
11:43 Loom
16:12 Feudal Age
14:33 Loom
18:58 Castle Age
18:11 Wheelbarrow
17:34 Double-Bit Axe
17:37 Fishing Lines
19:20 Forging
19:15 Scale Barding Armor
19:28 Bloodlines
19:48 Gold Mining
19:24 Light Cavalry
20:44 Husbandry
23:00 Hand Cart
22:55 Town Watch
26:42 Gold Shaft Mining
27:04 Bow Saw
29:39 Stone Mining
30:46 Padded Archer Armor
30:38 Fletching
31:37 Stone Shaft Mining
30:50 Crossbowman
34:43 Bodkin Arrow
35:05 Leather Archer Armor
38:05 Imperial Age
37:15 Chain Barding Armor
37:31 Iron Casting
39:28 Plate Barding Armor
39:41 Elite Battle Elephant
41:05 Tusk Swords
41:30 Conscription
42:29 Blast Furnace
42:29 Heavy Scorpion
44:18 Ballistics
44:05 Horse Collar
45:14 Double Crossbow
47:10 Pikeman
47:18 Hussar
49:17 Heavy Plow
52:18 Siege Engineers
53:14 Chemistry
52:25 Fortified Wall
52:26 Masonry
53:41 Murder Holes
56:12 Halberdier
61:37 Tusk Swords
Patuqui18
11:58 Feudal Age
13:15 Wheelbarrow
12:54 Double-Bit Axe
16:01 Bloodlines
16:54 Fishing Lines
23:11 Castle Age
28:17 Fletching
28:59 Bow Saw
31:13 Crossbowman
31:59 Thumb Ring
32:12 Bodkin Arrow
32:18 Padded Archer Armor
33:07 Kamandaran
33:32 Ballistics
33:12 Light Cavalry
37:08 Hand Cart
38:06 Scale Barding Armor
38:12 Forging
41:23 Imperial Age
40:30 Scale Mail Armor
42:04 Conscription
46:28 Gold Mining
47:44 Chemistry
55:56 Hussar
59:11 Chain Barding Armor
duval0408
9:56 Loom
12:19 Feudal Age
17:31 Castle Age
18:25 Scale Barding Armor
19:36 Forging
26:05 Man-at-Arms
50:30 Fishing Lines
57:56 Imperial Age
57:13 Light Cavalry
60:17 Cavalier
PlyerX
12:17 Feudal Age
13:41 Wheelbarrow
12:48 Horse Collar
13:57 Double-Bit Axe
14:28 Fishing Lines
15:10 Gold Mining
21:26 Arson
21:04 Man-at-Arms
24:05 Castle Age
25:05 Gillnets
26:29 Bow Saw
26:47 Hand Cart
27:58 Stone Mining
30:44 Town Watch
45:31 Imperial Age
44:53 Loom
47:41 Two-Man Saw
46:44 Heavy Plow
49:26 Husbandry
48:46 Cavalier
50:51 Crop Rotation
Yailes<3
11:18 Feudal Age
11:46 Fishing Lines
12:00 Double-Bit Axe
13:45 Gold Mining
15:30 Wheelbarrow
15:34 Loom
24:36 Castle Age
22:51 Scale Mail Armor
23:04 Forging
23:29 Fletching
23:43 Scale Mail Armor
27:17 Gillnets
28:11 Horse Collar
28:42 Bow Saw
29:36 Iron Casting
29:17 Chain Mail Armor
31:53 Stone Mining
32:49 Squires
34:51 Gold Shaft Mining
35:23 Fletching
35:49 Heavy Plow
37:36 Hand Cart
38:02 Bodkin Arrow
38:41 Royal Heirs
39:40 Stone Shaft Mining
40:10 Padded Archer Armor
39:46 Crossbowman
41:59 Elite Skirmisher
43:24 Scale Barding Armor
43:10 Town Watch
44:29 Ballistics
44:09 Arson
44:47 Town Patrol
47:48 Imperial Age
48:24 Man-at-Arms
48:25 Halberdier
49:24 Bracer
49:40 Leather Archer Armor
49:56 Conscription
57:34 Ring Archer Armor
58:12 Chemistry
61:15 Murder Holes
Aryey
10:00 Loom
12:30 Feudal Age
14:29 Wheelbarrow
21:19 Arson
31:11 Castle Age
32:32 Double-Bit Axe
32:30 Horse Collar
35:41 Bow Saw
38:21 Heavy Plow
47:17 Imperial Age
Connection lost

Rejoining the realm…

Still unreachable

The connection could not be restored.

Session expired

The server has moved on; the page needs a fresh start.